 Dungeon Sprint DCSS version 0.17-a0-1805-g6093636 (webtiles) character file.

10089 Kidiri the Unseen (level 11, -1/41 (42) HPs)
             Began as a Spriggan Enchanter on Sept 12, 2015.
             Was the Champion of Dithmenos.
             Succumbed to a death drake's dark miasma
             ... in the Dungeon (Sprint III: "The Ten Rune Challenge").
             The game lasted 00:15:09 (2213 turns).

Kidiri the Unseen (Spriggan Enchanter)              Turns: 2213, Time: 00:15:09

HP:   -1/41 (42)    AC:  5    Str:  4    XL:     11   Next: 31%
MP:   28/30         EV: 34    Int: 19    God:    Dithmenos [******]
Gold: 16            SH:  0    Dex: 20    Spells: 5 memorised, 27 levels left

rFire  . . .     SeeInvis +     l - +2 dagger (freeze)
rCold  + . .     Clarity  .     i - +2 robe {MR+}
rNeg   . . .     SustAt   .     (shield restricted)
rPois  .         Gourm    .     (helmet restricted)
rElec  .         Spirit   .     m - +1 cloak
rCorr  .         Warding  .     (gloves unavailable)
rMut   .         NoTele   +     (boots unavailable)
MR     ++...                    (no amulet)
Stlth  ++++++++++               (no ring)
                                (no ring)

@: lethally poisoned (-1 -> -77), wreathed by umbra, very quick, very resistant
to hostile enchantments, uncannily stealthy
A: unfitting armour, antennae 1, hooves 1, see invisible, clever 1, cold
resistance 1, deformed body, herbivore 3, speed 3, frail 1, sense surroundings
1, screaming 1, slow metabolism 2
a: Shadow Step, Shadow Form, Renounce Religion


You were in the Dungeon.
You worshipped Dithmenos.
Dithmenos was exalted by your worship.
You were hungry.

You visited 1 branch You collected 16 gold pieces.

Inventory:

Hand weapons
 l - a +2 dagger of freezing (weapon)
Armour
 i - a +2 robe of magic resistance (worn)
 m - a +1 cloak (worn)
Magical devices
 a - a wand of confusion (11)
Scrolls
 j - a scroll of blinking
 k - 3 scrolls of remove curse
 o - 2 scrolls of torment
Potions
 e - a potion of curing
 f - a potion of heal wounds
 g - a potion of haste
 h - a potion of magic
 s - 2 potions of cure mutation
 t - 3 potions of flight
Comestibles
 d - a bread ration
 r - 30 royal jellies


   Skills:
 + Level 9.8 Short Blades
 * Level 16.6 Dodging
 * Level 18.0 Stealth
 * Level 14.6 Spellcasting
 + Level 6.2 Conjurations
 + Level 11.2 Hexes
 + Level 7.1 Ice Magic
 + Level 7.5 Invocations


You had 27 spell levels left.
You knew the following spells:

 Your Spells              Type           Power        Failure   Level  Hunger
a - Corona                Hex            ######.      1%          1    None
b - Ensorcelled Hibernat  Hex/Ice        #####.       1%          2    None
c - Confuse               Hex            ######..     1%          3    None
d - Tukima's Dance        Hex            ######..     1%          3    None
e - Dazzling Spray        Conj/Hex       #####...     1%          3    None


Dungeon Overview and Level Annotations

Branches:
Dungeon (1/1)

Altars:
Cheibriados
Dithmenos
Elyvilon
Fedhas
Gozag
Kikubaaqudgha
Makhleb
Nemelex Xobeh
Okawaru
Qazlal
Ru
Sif Muna
Trog
Vehumet
Xom
Yredelemnul
Zin
The Shining One
Jiyva
Lugonu


Innate Abilities, Weirdness & Mutations

You are tiny and cannot use many weapons and most armour.
You have supernaturally acute eyesight.
You are a herbivore.
You cover ground extremely quickly.
You need consume almost no food.
You have a pair of small antennae on your head.
You have large cloven feet.
Your mind is acute. (Int +2)
Your flesh is cold resistant.
Armour fits poorly on your strangely shaped body.
You are frail (-10% HP).
You passively map a small area around you.
You occasionally shout uncontrollably at your foes.


Message History

You are engulfed in dark miasma.
You are more poisoned.
You feel very sick.
Unknown command.
You are engulfed in dark miasma.
You are more poisoned.
You feel very sick.
Unknown command.
You enter the shallow water.
Moving in this stuff is going to be slow.
* * * LOW HITPOINT WARNING * * *
You emit a cloud of dark smoke.
You feel very sick.
* * * LOW HITPOINT WARNING * * *
You feel very sick.
There is an open door here.
Unknown command.
Unknown command.
* * * LOW HITPOINT WARNING * * *
You feel very sick.
You close the door.
You die...

* *
♣♣≈≈≈........≈≈≈...##.#. ≈
+♣♣%♣≈≈≈≈≈≈≈≈≈≈≈≈♣♣P.'.#.#
#.≈♣♣♣♣♣♣♣♣♣♣♣♣♣♣♣♣PP##.#.
#..♣♣ ♣♣♣ #+##
###'♣♣♣♣♣♣♣♣♣♣♣♣♣♣♣ ,,+
♣♣♣♣.##..##≈≈≈≈≈≈..#{ *,,,
♣...##.##.#≈≈≈≈≈..%#{ * *
♣♣.##%##.##+§≈≈≈§####+ * *
♣..#§##.§@#§§...§..§ ,
♣♣.##§##§§#{..+##### , ,
♣♣.##§#####k..#, , ,,
♣.....##§.....# * , , + *
########+###### ,, ,,, , *
,, , * , , * ≈ ,≈ * ,


There were no monsters in sight!

Vanquished Creatures
  Maud (D)
  Josephine (D)
  2 hydras (D)
  A centaur warrior (D)
  An unseen horror (D)
  A lindwurm (D)
  A komodo dragon (D)
  2 spiny frogs (D)
  3 wandering mushrooms (D)
  A queen bee (D)
  A deep elf priest (D)
  3 redbacks (D)
  A shadow (D)
  A spatial vortex (D)
  2 centaurs (D)
  A necrophage (D)
  An earth elemental (D)
  2 brain worms (D)
  A water elemental (D)
  An electric eel (D)
  32 killer bees (D)
  A jelly (D)
  Crazy Yiuf (D)
  Jessica (D)
  A necromancer (D)
  A wizard (D)
  3 humans (D)
  A kobold demonologist (D)
  3 rats (D)
72 creatures vanquished.

Vanquished Creatures (others)
  2 draconian scorchers (D)
  2 yaktaurs (D)
  A plant (D)
5 creatures vanquished.

Grand Total: 77 creatures vanquished

Notes
Turn   | Place    | Note
--------------------------------------------------------------
     0 | D        | Kidiri the Spriggan Enchanter began the quest for the Orb.
     0 | D        | Reached XP level 1. HP: 9/9 MP: 5/5
    46 | D        | Noticed Jessica
    47 | D        | Reached skill level 5 in Stealth
    50 | D        | Killed Jessica
    50 | D        | Reached skill level 5 in Dodging
    50 | D        | Reached skill level 6 in Stealth
    50 | D        | Reached XP level 2. HP: 13/13 MP: 6/8
   135 | D        | Learned a level 2 spell: Ensorcelled Hibernation
   136 | D        | Killed a yaktaur
   153 | D        | Reached XP level 3. HP: 16/16 MP: 5/10
   166 | D        | Learned a level 3 spell: Confuse
   169 | D        | Killed a white draconian scorcher
   169 | D        | Killed a white draconian scorcher
   170 | D        | Learned a level 3 spell: Tukima's Dance
   206 | D        | Noticed Crazy Yiuf
   213 | D        | Killed Crazy Yiuf
   213 | D        | Reached skill level 7 in Stealth
   213 | D        | Reached skill level 5 in Spellcasting
   213 | D        | Reached skill level 1 in Ice Magic
   213 | D        | Reached XP level 4. HP: 21/21 MP: 12/12
   226 | D        | Learned a level 3 spell: Dazzling Spray
   246 | D        | Gained mutation: You have large cloven feet. [potion of mutation]
   246 | D        | Gained mutation: You passively map a small area around you. [potion of mutation]
   246 | D        | Gained mutation: You occasionally shout uncontrollably at your foes. [potion of mutation]
   247 | D        | Gained mutation: Armour fits poorly on your strangely shaped body. [potion of mutation]
   247 | D        | Gained mutation: You have a pair of small antennae on your head. [potion of mutation]
   248 | D        | Gained mutation: Your mind is acute. (Int +2) [potion of mutation]
   248 | D        | Gained mutation: Your flesh is cold resistant. [potion of mutation]
   248 | D        | Gained mutation: You are frail (-10% HP). [potion of mutation]
   287 | D        | Noticed a water elemental
   289 | D        | Killed a water elemental
   289 | D        | Reached skill level 8 in Stealth
   289 | D        | Reached skill level 1 in Conjurations
   289 | D        | Reached skill level 5 in Hexes
   298 | D        | Noticed a jelly
   299 | D        | Noticed a shadow
   335 | D        | Killed a shadow
   335 | D        | Reached skill level 10 in Stealth
   335 | D        | Reached XP level 5. HP: 14/21 MP: 0/15
   335 | D        | Reached XP level 6. HP: 16/25 MP: 0/17
   520 | D        | Killed a jelly
   524 | D        | Found a stormy altar of Qazlal.
   525 | D        | Found a sacrificial altar of Ru.
   525 | D        | Found a burning altar of Makhleb.
   525 | D        | Found a viscous altar of Jiyva.
   525 | D        | Found a shimmering altar of Xom.
   525 | D        | Found a shadowy altar of Dithmenos.
   525 | D        | Found a sparkling altar of Nemelex Xobeh.
   525 | D        | Found a corrupted altar of Lugonu.
   525 | D        | Found an opulent altar of Gozag.
   525 | D        | Noticed a spatial vortex
   529 | D        | Became a worshipper of Dithmenos the Shadowed
   544 | D        | Killed a spatial vortex
   544 | D        | Reached skill level 5 in Short Blades
   544 | D        | Reached skill level 11 in Stealth
   544 | D        | Reached skill level 1 in Invocations
   692 | D        | Found a radiant altar of Vehumet.
   693 | D        | Found a deep blue altar of Sif Muna.
   693 | D        | Found an ancient bone altar of Kikubaaqudgha.
   693 | D        | Noticed a wizard
   695 | D        | Killed a wizard
   758 | D        | Found a glowing silver altar of Zin.
   759 | D        | Found a glowing golden altar of the Shining One.
   759 | D        | Found a white marble altar of Elyvilon.
   759 | D        | Noticed a deep elf priest
   761 | D        | Killed a deep elf priest
   761 | D        | Reached skill level 10 in Dodging
   761 | D        | Reached XP level 7. HP: 28/28 MP: 18/20
   777 | D        | Found an iron altar of Okawaru.
   778 | D        | Found a bloodstained altar of Trog.
   778 | D        | Noticed a human
   778 | D        | Noticed a human
   791 | D        | Killed a human
   791 | D        | Reached skill level 12 in Stealth
   796 | D        | Killed a human
   870 | D        | Found a snail-covered altar of Cheibriados.
   870 | D        | Noticed a necrophage
   871 | D        | Found a basalt altar of Yredelemnul.
   871 | D        | Found a blossoming altar of Fedhas.
   871 | D        | Noticed a necromancer
   872 | D        | Killed a necrophage
   872 | D        | Acquired Dithmenos's first power
   872 | D        | Reached XP level 8. HP: 32/32 MP: 22/22
   873 | D        | Killed a necromancer
   895 | D        | Noticed Josephine
   898 | D        | Killed Josephine
   898 | D        | Reached skill level 13 in Stealth
   898 | D        | Reached skill level 10 in Spellcasting
   926 | D        | Noticed an earth elemental
  1008 | D        | Killed an earth elemental
  1046 | D        | Killed a yaktaur
  1252 | D        | Noticed a centaur
  1252 | D        | Noticed a centaur warrior
  1252 | D        | Noticed a centaur
  1254 | D        | Killed a centaur
  1254 | D        | Acquired Dithmenos's second power
  1256 | D        | Killed a centaur warrior
  1256 | D        | Reached skill level 14 in Stealth
  1256 | D        | Reached skill level 5 in Ice Magic
  1256 | D        | Reached skill level 5 in Invocations
  1256 | D        | Reached XP level 9. HP: 35/35 MP: 23/25
  1257 | D        | Killed a centaur
  1270 | D        | Noticed an unseen horror
  1272 | D        | Killed an unseen horror
  1272 | D        | Reached skill level 15 in Stealth
  1282 | D        | Noticed a killer bee
  1282 | D        | Noticed a killer bee
  1282 | D        | Noticed a killer bee
  1282 | D        | Noticed a killer bee
  1282 | D        | Noticed a killer bee
  1282 | D        | Noticed a killer bee
  1282 | D        | Noticed a killer bee
  1282 | D        | Noticed a killer bee
  1282 | D        | Noticed a killer bee
  1282 | D        | Noticed a killer bee
  1282 | D        | Noticed a killer bee
  1282 | D        | Noticed a killer bee
  1282 | D        | Noticed a killer bee
  1282 | D        | Noticed a killer bee
  1282 | D        | Noticed a killer bee
  1283 | D        | Noticed a killer bee
  1283 | D        | Noticed a killer bee
  1284 | D        | Noticed a killer bee
  1284 | D        | Noticed a killer bee
  1284 | D        | Killed a killer bee
  1285 | D        | Noticed a killer bee
  1286 | D        | Noticed a killer bee
  1286 | D        | Noticed a killer bee
  1286 | D        | Noticed a killer bee
  1286 | D        | Killed a killer bee
  1286 | D        | Acquired Dithmenos's third power
  1287 | D        | Noticed a killer bee
  1288 | D        | Noticed a killer bee
  1288 | D        | Killed a killer bee
  1290 | D        | Killed a killer bee
  1291 | D        | Noticed a killer bee
  1292 | D        | Noticed a killer bee
  1293 | D        | Noticed a killer bee
  1293 | D        | Killed a killer bee
  1295 | D        | Noticed a queen bee
  1295 | D        | Noticed a killer bee
  1295 | D        | Killed a killer bee
  1297 | D        | Noticed a killer bee
  1299 | D        | Killed a killer bee
  1299 | D        | Acquired Dithmenos's fourth power
  1300 | D        | Noticed a killer bee
  1303 | D        | Killed a killer bee
  1429 | D        | Killed a killer bee
  1430 | D        | Noticed a killer bee
  1432 | D        | Killed a killer bee
  1435 | D        | Killed a killer bee
  1437 | D        | Killed a killer bee
  1439 | D        | Killed a killer bee
  1441 | D        | Killed a killer bee
  1443 | D        | Killed a killer bee
  1445 | D        | Killed a killer bee
  1447 | D        | Killed a killer bee
  1447 | D        | Reached XP level 10. HP: 39/39 MP: 9/27
  1449 | D        | Killed a killer bee
  1451 | D        | Killed a killer bee
  1453 | D        | Killed a killer bee
  1453 | D        | Reached skill level 5 in Conjurations
  1455 | D        | Killed a killer bee
  1588 | D        | Killed a killer bee
  1591 | D        | Killed a killer bee
  1593 | D        | Killed a killer bee
  1595 | D        | Killed a killer bee
  1597 | D        | Killed a killer bee
  1599 | D        | Killed a killer bee
  1599 | D        | Reached skill level 10 in Hexes
  1601 | D        | Killed a killer bee
  1603 | D        | Killed a killer bee
  1605 | D        | Killed a killer bee
  1607 | D        | Killed a killer bee
  1610 | D        | Killed a killer bee
  1613 | D        | Killed a queen bee
  1613 | D        | Reached skill level 16 in Stealth
  1810 | D        | Noticed a wandering mushroom
  1811 | D        | Noticed a wandering mushroom
  1811 | D        | Noticed a wandering mushroom
  1812 | D        | Killed a wandering mushroom
  1817 | D        | Killed a wandering mushroom
  1824 | D        | Killed a wandering mushroom
  1824 | D        | Reached skill level 15 in Dodging
  1948 | D        | Noticed a spiny frog
  1948 | D        | Noticed a komodo dragon
  1948 | D        | Noticed a spiny frog
  1953 | D        | Killed a spiny frog
  1956 | D        | Killed a spiny frog
  1958 | D        | Killed a komodo dragon
  1993 | D        | Noticed a redback
  1995 | D        | Killed a redback
  1996 | D        | Noticed a brain worm
  1999 | D        | Killed a brain worm
  2002 | D        | Noticed a brain worm
  2004 | D        | Killed a brain worm
  2009 | D        | Noticed a lindwurm
  2011 | D        | Noticed a redback
  2015 | D        | Killed a lindwurm
  2015 | D        | Reached skill level 17 in Stealth
  2017 | D        | Killed a redback
  2018 | D        | Noticed a redback
  2020 | D        | Killed a redback
  2155 | D        | Noticed Maud
  2157 | D        | Killed Maud
  2157 | D        | Reached XP level 11. HP: 42/42 MP: 28/30
  2163 | D        | Noticed an electric eel
  2164 | D        | Noticed a four-headed hydra
  2164 | D        | Noticed a six-headed hydra
  2165 | D        | Killed an electric eel
  2167 | D        | Killed a four-headed hydra
  2168 | D        | Killed a six-headed hydra
  2168 | D        | Reached skill level 18 in Stealth
  2200 | D        | Noticed a death drake
  2213 | D        | Succumbed to a death drake's dark miasma

Vault maps used:
D:        dungeon_sprint_mu

Action                   |  1- 3 |  4- 6 |  7- 9 | 10-12 || total
-------------------------+-------+-------+-------+-------++-------
Melee: Dagger            |    11 |    23 |    65 |    39 ||   138
 Cast: Ensorcelled Hiber |     2 |       |    25 |    27 ||    54
       Dazzling Spray    |       |    11 |    18 |     9 ||    38
       Confuse           |       |       |     3 |       ||     3
Invok: Shadow Step       |       |       |       |     3 ||     3
  Use: Potion            |       |     4 |     3 |     1 ||     8
       Scroll            |       |     4 |       |       ||     4
 Stab: Sleeping          |     3 |     3 |    22 |    30 ||    58
       Confused          |       |       |     2 |       ||     2
       Distracted        |       |       |     1 |       ||     1
       Invisible         |       |       |     1 |       ||     1
